 Dungeon Crawl Stone Soup version 0.31-a0-1165-g196b491b36 (webtiles) character file.

Game seed: 3194790804570606539

539 dialectric the Cudgeller (level 7, -2/62 HPs)
             Began as a Minotaur Fighter on Dec 9, 2023.
             Slain by an ogre
             ... wielding a +0 giant club
              (24 damage)
             ... on level 5 of the Dungeon.
             The game lasted 00:03:58 (3610 turns).

dialectric the Cudgeller (Minotaur Fighter)         Turns: 3610, Time: 00:03:59

Health: -2/62      AC: 10    Str: 21    XL:     7   Next: 5%
Magic:  6/6        EV:  8    Int:  5    God:
Gold:   162        SH:  6    Dex: 11    Spells: 6/6 levels left

rFire   . . .        a - +0 flail
rCold   . . .        c - +1 buckler
rNeg    . . .        s - +0 chain mail
rPois   .            (helmet restricted)
rElec   .            (no cloak)
rCorr   .            (no gloves)
SInv    .            (no boots)
Will    .....        (no amulet) Stlth
                     (no ring)
HPRegen 0.30/turn    (no ring)
MPRegen 0.10/turn

%: no passive effects
@: no status effects
A: horns 2, retaliatory headbutt
a: no special abilities


You were on level 5 of the Dungeon.
You visited 1 branch of the dungeon, and saw 5 of its levels.
You also visited: Ossuary.

You collected 162 gold pieces.

Inventory:

Hand Weapons
 a - a +0 flail (weapon)
Armour
 b - a +0 scale mail
 c - a +1 buckler (worn)
 s - a +0 chain mail (worn)
 u - a +0 plate armour
Scrolls
 i - a scroll of fear {unknown}
 j - a scroll of noise {unknown}
 k - a scroll of torment {unknown}
 m - a scroll of enchant armour
 n - 2 scrolls of identify {unknown}
 o - 3 scrolls of fog {unknown}
 p - a scroll of vulnerability {unknown}
 q - 2 scrolls of enchant weapon {unknown}
 r - 2 scrolls of blinking {unknown}
 v - a scroll of teleportation {unknown}
 w - a scroll of acquirement {unknown}
 x - a scroll of amnesia {unknown}
Potions
 d - a potion of might
 e - 4 potions of heal wounds {unknown}
 f - 2 potions of berserk rage {unknown}
 g - 2 potions of enlightenment {unknown}
 h - a potion of curing {unknown}
 l - 2 potions of resistance {unknown}
 t - 2 potions of mutation {unknown}
 z - a potion of brilliance {unknown}


   Skills:
 + Level 5.7 Fighting
 * Level 5.8 Maces & Flails
 + Level 5.6 Armour
 - Level 5.0 Shields


You had 6 spell levels left.
You didn't know any spells.
Your spell library was empty.

Dungeon Overview and Level Annotations

Branches:
Dungeon (5/15)            Ossuary (visited)
 Temple: D:4-7

Altars:
Kikubaaqudgha

Shops:
D:5 [


Innate Abilities, Weirdness & Mutations

You have a pair of horns on your head.
You reflexively headbutt those who attack you in melee.


Message History

No target in view!
No target in view!
There is an open door here.
As you read the scroll labelled VUYRUN LUNOBA, it crumbles to dust.
It is a scroll of enchant armour.
Your +0 buckler glows green for a moment.
No target in view!
You open the door.
Found 5 stones and a blade talisman.
There is an open door here.
There is an open door here.
Key pressed, stopping explore.
No target in view!
You see here 8 stones.
As you open the door, it creaks loudly!
An ogre comes into view. It is wielding a +0 giant club.
The ogre hits you with a +0 giant club!
A black bear comes into view.
There is an open door, spattered with blood here.
There are monsters nearby!
The black bear growls angrily.
You hit the ogre.
The ogre is lightly wounded.
The ogre hits you with a +0 giant club!!
You are too injured to fight recklessly!
You are too injured to fight recklessly!
You are too injured to fight recklessly!
You see here 8 stones.
You aren't carrying any items that you can evoke.
Unknown command.
There is an open door here.
The ogre attacks as it pursues you!
The ogre hits you with a +0 giant club!!
* * * LOW HITPOINT WARNING * * *
There is an open door here.
There is a stone staircase leading up here.
You can't go up here!
The ogre attacks as it pursues you!
The ogre hits you with a +0 giant club!!
You die...

,,,,#...)).'..........####
#...#
,,,,#...)).#....##.......#
#..##
,,,,#......#....##.......##
####
,,,,#......#.....#h.......#
,,,,#......#.....#........#
#####......#.....#..<.....#
....#......#....##.......##
....#......#....##.......##
....#......#....@O.....[..#
....#......#....#.........#
....#......#....##........#
....#......################
....#...<..# ....#......#
....#......# ....#†.....#
....#......#


You could see an ogre.

Vanquished Creatures
  An ice beast (D:5)
  A phantom (D:4)
  A howler monkey (D:5)
  An orc priest (D:5)
  An iguana (D:5)
  An orc wizard (D:5)
  6 mummies (Ossuary)
  3 gnolls (D:2)
  7 adders
  3 dart slugs
  2 worms
  5 orcs
  3 endoplasms
  2 giant cockroaches (D:2)
  12 hobgoblins
  10 kobolds
  2 quokkas (D:3)
  6 ball pythons
  7 bats
  3 frilled lizards
  3 goblins
  5 hobgoblin zombies (Ossuary)
  6 rats
91 creatures vanquished.

Notes
Turn   | Place    | Note
-------+----------+-------------------------------------------
     0 | D:1      | dialectric the Minotaur Fighter began the quest for the
                  | Orb.
     0 | D:1      | Reached XP level 1. HP: 19/19 MP: 0/0
   154 | D:1      | Reached XP level 2. HP: 24/27 MP: 1/1
   405 | D:1      | Reached XP level 3. HP: 33/33 MP: 2/2
   882 | D:1      | Found an ancient bone altar of Kikubaaqudgha.
  1292 | D:2      | Reached XP level 4. HP: 38/41 MP: 3/3
  1868 | D:3      | Reached XP level 5. HP: 44/47 MP: 4/4
  2454 | D:4      | Noticed a phantom
  2462 | D:4      | Killed a phantom
  2463 | D:4      | Reached skill level 5 in Fighting
  2463 | D:4      | Reached skill level 5 in Armour
  2490 | D:5      | Entered Level 5 of the Dungeon
  2504 | D:5      | Reached skill level 5 in Shields
  2504 | D:5      | Reached XP level 6. HP: 44/56 MP: 5/5
  2583 | D:5      | Found Gerooff's Armour Boutique.
  2673 | D:5      | Found a sand-covered staircase.
  2685 | Ossuary  | Entered an ossuary
  2888 | Ossuary  | Reached skill level 5 in Maces & Flails
  3403 | D:5      | Noticed an ice beast
  3412 | D:5      | Killed an ice beast
  3413 | D:5      | Reached XP level 7. HP: 37/62 MP: 6/6
  3610 | D:5      | Slain by an ogre

Illustrated notes

Levels and vault maps discovered:
D:1:      dpeg_arrival_water_altar, layout_basic, hex_intersection
D:2:      layout_loops_ring
D:3:      layout_basic, st_stairs_11
D:4:      layout_basic
D:5:      layout_gridville, nicolae_ossuary_entry_monument, serial_shops,
          nicolae_shop_just_a_little_nook,
          serial_library_hellmonk_recessed_alcove

Skill      XL: |  1  2  3  4  5  6 |
---------------+-------------------+-----
Fighting       | 4 5 |  5.7
Shields        | 4 5 |  5.0
Armour         | 4 5 |  5.6
Maces & Flails | 3 4 5 |  5.8

Action                     |  1- 3 |  4- 6 |  7- 9 || total
---------------------------+-------+-------+-------++-------
  Melee: Flail             |    92 |   176 |     1 ||   269
         Headbutt          |    13 |    22 |       ||    35
    Use: Scroll            |       |     1 |     1 ||     2
 Armour: Scale mail        |    51 |    31 |       ||    82
         Chain mail        |       |   113 |     4 ||   117
  Dodge: Dodged            |    47 |    54 |       ||   101
  Block: Buckler           |    25 |    36 |       ||    61

Table legend: (Time is in decaauts)
 A = Elapsed time spent in this place.
 B = Non-inter-level travel time spent in this place.
 C = Inter-level travel time spent in this place.
 D = Time resting spent in this place.
 E = Time spent auto-exploring this place.
 F = Levels seen in this place.
 G = Mean time per level.
                   A        B        C        D        E       F      G
               +--------+--------+--------+--------+--------+-----+--------+
         Total |   3675 |   3425 |    250 |    207 |   2348 |   6 |  612.5 |
       Dungeon |   3292 |   3042 |    250 |      0 |   2257 |   5 |  658.4 |
       Ossuary |    383 |    383 |      0 |    207 |     91 |   1 |  383.0 |
               +--------+--------+--------+--------+--------+-----+--------+

Top non-repeatable levels by time:
     D:1: 963 daAuts
     D:2: 763 daAuts
     D:3: 755 daAuts
     D:5: 752 daAuts
 Ossuary: 383 daAuts
     D:4: 57 daAuts
